 Dungeon Crawl Stone Soup version 0.23.2 (webtiles) character file.

Game seed: 1225731141599225665

2138 Borgoz the Cutter (level 9, -1/81 HPs)
             Began as a Gargoyle Gladiator on Apr 8, 2019.
             Slain by Joseph
             ... wielding a +0 quarterstaff
              (6 damage)
             ... on level 7 of the Dungeon.
             The game lasted 00:07:10 (5689 turns).

Borgoz the Cutter (Gargoyle Gladiator)              Turns: 5689, Time: 00:07:10

Health: -1/81      AC: 11    Str: 24    XL:     9   Next: 30%
Magic:  10/10      EV: 14    Int:  8    God:
Gold:   583        SH:  0    Dex: 14    Spells: 8/8 levels left

rFire    + . .     SeeInvis .   a - +6 rapier "Latunobi" {pierce, rElec}
rCold    . . .     Gourm    .   (no shield)
rNeg     + . .     Faith    .   i - +2 ring mail {rF+}
rPois    ∞         Spirit   .   c - +0 helmet
rElec    +         Reflect  .   (no cloak)
rCorr    .         Harm     .   (no gloves)
MR       .....                  (no boots)
Stlth    ..........             (no amulet)
HPRegen  0.23/turn              (no ring)
MPRegen  0.12/turn              (no ring)

@: berserking, corroded, very quick
A: negative energy resistance 1, electricity resistance, unbreathing,
petrification resistance, rot immunity, AC +6
a: no special abilities


You were on level 7 of the Dungeon.
You were hungry.

You visited 2 branches of the dungeon, and saw 8 of its levels.
You also visited: Ossuary.

You collected 583 gold pieces.

Inventory:

Hand Weapons
 a - the +6 rapier "Latunobi" (weapon) {pierce, rElec}
   (You found it on level 4 of the Dungeon)

   It inflicts extra damage upon your enemies.
   It insulates you from electricity.
 b - a +2 antimagic dagger
 k - a +2 short sword of speed
 t - a +0 rapier
Missiles
 d - 3 throwing nets (quivered)
 o - 8 tomahawks
Armour
 c - a +0 helmet (worn)
 i - a +2 ring mail of fire resistance (worn)
Wands
 v - a wand of iceblast (14)
Scrolls
 e - 2 scrolls of immolation {unknown}
 h - 3 scrolls of amnesia {unknown}
 j - 3 scrolls of enchant weapon {unknown}
 l - 3 scrolls of identify
 p - a scroll of teleportation {unknown}
 q - 5 scrolls of magic mapping
 r - 4 scrolls of remove curse
 w - a scroll of random uselessness {unknown}
 y - a scroll of vulnerability {unknown}
Potions
 g - 2 potions of cancellation
 m - a potion of ambrosia
 n - a potion of invisibility
 u - a potion of mutation
Comestibles
 f - 9 rations


   Skills:
 + Level 5.2 Fighting
 * Level 6.3 Short Blades
 - Level 1.7 Throwing
 + Level 4.5 Armour
 * Level 5.7 Dodging
 + Level 5.2 Stealth
 + Level 1.9 Evocations


You had 8 spell levels left.
You didn't know any spells.
Your spell library was empty.

Dungeon Overview and Level Annotations

Branches:
Dungeon (7/15)             Temple (1/1) D:6

Altars:
Cheibriados
Gozag
Hepliaklqana
Makhleb
Nemelex Xobeh
Okawaru
Ru
Sif Muna
Trog
Uskayaw
Vehumet
Wu Jian
Xom
Yredelemnul
Zin
The Shining One

Annotations:
D:7 Joseph


Innate Abilities, Weirdness & Mutations

You are resistant to torment.
Your stone body is resilient. (AC +6)
You are immune to poison.
You resist negative energy. (rN+)
You are resistant to electric shocks. (rElec)
You can survive without breathing.
You are immune to petrification.
You are immune to rotting.


Message History

Joseph hits you with a +0 quarterstaff.
You are too injured to fight recklessly!
You are too injured to fight recklessly!
You are too injured to fight recklessly!
You are too injured to fight recklessly!
You closely miss Joseph.
Joseph is almost dead.
You hit Joseph.
Joseph is almost dead.
Joseph closely misses you.
You hit Joseph.
Joseph is almost dead.
Joseph smiles happily.
Joseph zaps a wand.
The bolt of acid hits you! The acid corrodes you!
You are splashed with acid!
* * * LOW HITPOINT WARNING * * *
A red film seems to cover your vision as you go berserk!
You feel yourself moving faster!
You feel mighty! Joseph hits you with a +0 quarterstaff.
You die...

..# #.# #. #.# ###.
... #... ####.# #.#.
##.##.# #.#.
####...#.########...
+.@@................
####.(.#.#######....
##.##.# #.... ####[#
##.## #.# #.# ..#
#.# .## #.# . #.#
#.#


You could see Joseph.

Vanquished Creatures
  A hungry ghost (D:7)
  An orc warrior (D:5)
  A black bear (D:6)
  An ice beast (D:6)
  A phantom (D:5)
  2 ogres (D:5)
  A necrophage (D:7)
  A centaur (D:7)
  A big kobold (D:6)
  3 bullfrogs
  A wyvern zombie (D:6)
  A scorpion (D:4)
  3 crimson imps
  A hound (D:7)
  4 orc wizards
  4 orc priests
  A bullfrog skeleton (D:4)
  A centaur skeleton (D:7)
  8 worker ants
  3 big kobold zombies (Ossuary)
  A hound skeleton (D:4)
  2 mummies (Ossuary)
  8 adders
  2 oozes
  An adder skeleton (D:5)
  3 worms
  3 dart slugs
  14 leopard geckos
  13 orcs
  4 bats
  3 giant cockroaches
  4 gnoll zombies (Ossuary)
  5 goblins
  5 hobgoblins
  7 jackals
  3 quokkas
  2 ball pythons
  11 frilled lizards
  A goblin zombie (Ossuary)
  5 hobgoblin zombies (Ossuary)
  2 jackal skeletons
  12 kobolds
  An orc zombie (Ossuary)
  13 rats
165 creatures vanquished.

Notes
Turn   | Place    | Note
-------+----------+-------------------------------------------
     0 | D:1      | Borgoz the Gargoyle Gladiator began the quest for the Orb.
     0 | D:1      | Reached XP level 1. HP: 12/12 MP: 1/1
    64 | D:1      | Reached XP level 2. HP: 13/17 MP: 2/2
   216 | D:1      | Reached skill level 3 in Short Blades
   261 | D:1      | Reached XP level 3. HP: 21/22 MP: 3/3
   289 | D:1      | Reached skill level 1 in Stealth
   650 | D:2      | Reached skill level 1 in Armour
   740 | D:2      | Reached XP level 4. HP: 27/27 MP: 4/4
   827 | D:2      | Found a sparkling altar of Nemelex Xobeh.
   999 | D:2      | Found a hazy altar of Hepliaklqana.
  1553 | D:3      | Reached XP level 5. HP: 29/32 MP: 5/5
  1973 | D:3      | Reached XP level 6. HP: 11/37 MP: 6/6
  2771 | D:4      | Reached skill level 4 in Short Blades
  2902 | D:4      | Found a radiant altar of Vehumet.
  3065 | D:4      | Got a polished rapier
  3066 | D:4      | Identified the +6 rapier "Latunobi" {pierce, rElec} (You
                  | found it on level 4 of the Dungeon)
  3091 | D:4      | Reached XP level 7. HP: 33/41 MP: 7/7
  3625 | D:5      | Entered Level 5 of the Dungeon
  3733 | D:5      | Found a sand-covered staircase.
  3737 | Ossuary  | Entered an ossuary
  4185 | D:5      | Reached skill level 5 in Short Blades
  4185 | D:5      | Reached XP level 8. HP: 48/48 MP: 8/8
  4515 | D:6      | Reached skill level 5 in Dodging
  4610 | D:6      | Reached skill level 1 in Evocations
  4637 | D:6      | Found a glowing silver altar of Zin.
  4737 | D:6      | Found a staircase to the Ecumenical Temple.
  4752 | Temple   | Entered the Ecumenical Temple
  5160 | D:6      | Reached skill level 5 in Fighting
  5160 | D:6      | Reached XP level 9. HP: 51/54 MP: 8/10
  5164 | D:6      | Found an iron altar of Okawaru.
  5168 | D:6      | Found a burning altar of Makhleb.
  5173 | D:6      | Found a basalt altar of Yredelemnul.
  5282 | D:7      | Reached skill level 6 in Short Blades
  5318 | D:7      | Reached skill level 5 in Stealth
  5664 | D:7      | Noticed Joseph
  5689 | D:7      | Slain by Joseph

Skill      XL: |  1  2  3  4  5  6  7  8  9 |
---------------+----------------------------+-----
Short Blades   | 3 4 5 6 |  6.3
Stealth        | 1 2 3 4 5 |  5.2
Armour         | 1 2 3 4 |  4.5
Dodging        | 3 4 5 |  5.7
Fighting       | 3 4 5 |  5.2
Evocations     | 1 |  1.9
Throwing       | |  1.7

Action                   |  1- 3 |  4- 6 |  7- 9 || total
-------------------------+-------+-------+-------++-------
Melee: Rapier            |    28 |     6 |   233 ||   267
       Short sword       |    90 |   241 |       ||   331
  Use: Potion            |       |     2 |     2 ||     4
       Scroll            |       |       |     5 ||     5
 Stab: Sleeping          |       |     4 |     6 ||    10
  Eat: Chunk             |       |     6 |     9 ||    15
Armor: Leather armour    |    37 |    45 |       ||    82
       Ring mail         |       |     3 |   104 ||   107
Dodge: Dodged            |    61 |   117 |   154 ||   332
